 Dungeon Crawl Stone Soup version 0.29-a0-550-g81e455f4c2 (webtiles) character file.

Game seed: 7722021120831745447

722 Lekart the Chopper (level 7, -5/61 HPs)
             Began as a Yellow Draconian Abyssal Knight on June 5, 2022.
             Was a Priest of Lugonu.
             Slain by Duvessa
             ... wielding a +3 short sword
              (9 damage)
             ... on level 5 of the Dungeon.
             The game lasted 00:05:08 (5194 turns).

Lekart the Chopper (DrAK)                           Turns: 5194, Time: 00:05:08

Health: -5/61      AC:  7    Str: 16    XL:     7   Next: 43%
Magic:  10/10      EV: 13    Int: 10    God:    Lugonu [***...]
Gold:   251        SH:  0    Dex: 13    Spells: 6/6 levels left

rFire   . . .      SeeInvis .   a - +3 hand axe
rCold   . . .      Faith    +   (no shield)
rNeg    . . .      Spirit   .   (body armour unavailable)
rPois   .          Reflect  .   (helmet restricted)
rElec   .          Harm     .   d - +0 cloak
rCorr   +          Rampage  .   (no gloves)
Will    .....                   (no boots)
Stlth   +.........              j - amulet of faith
HPRegen 0.20/turn               (no ring)
MPRegen 0.12/turn               (no ring)

@: short of breath, hasted, very quick
A: spit acid, AC +6, unfitting armour, cold-blooded, acid resistance
a: Breathe Acid, Renounce Religion, Depart the Abyss, Bend Space, Banish


You were on level 5 of the Dungeon.
You worshipped Lugonu.
Lugonu was most pleased with you.
You visited 1 branch of the dungeon, and saw 5 of its levels.
You visited the Abyss 1 time.

You collected 272 gold pieces.
You spent 21 gold pieces at shops.

Inventory:

Hand Weapons
 a - a +3 hand axe (weapon)
Armour
 d - a +0 cloak (worn)
Jewellery
 j - an amulet of faith (around neck)
Scrolls
 c - a scroll of torment {unknown}
 e - a scroll of fear {unknown}
 f - 4 scrolls of identify
 m - a scroll of noise {unknown}
 n - a scroll of enchant weapon
Potions
 b - a potion of attraction
 g - a potion of resistance


   Skills:
 + Level 5.2 Fighting
 + Level 5.3 Axes
 + Level 4.1 Dodging
 * Level 4.3 Invocations


You had 6 spell levels left.
You didn't know any spells.
Your spell library was empty.

Dungeon Overview and Level Annotations

Branches:
Dungeon (5/15)             Temple (0/1) D:4

Altars:

Shops:
D:1 *

Annotations:
D:5 Dowan, Duvessa


Innate Abilities, Weirdness & Mutations

You can spit globs of acid.
Your golden yellow scales are hard. (AC +6)
You cannot fit into any form of body armour.
You are cold-blooded and may be slowed by cold attacks.
You are resistant to acid. (rCorr)


Message History

You barely miss Duvessa.
Duvessa is moderately wounded.
Duvessa yells, "You can run, but you cannot escape us forever!"
Duvessa zaps a wand.
Some rock shatters into small pieces.
You barely miss Duvessa.
Duvessa is moderately wounded.
You have got your breath back.
Duvessa misses you.
You hit Duvessa.
Duvessa is moderately wounded.
Duvessa hits you but does no damage.
You barely miss Duvessa.
Duvessa is moderately wounded.
Duvessa misses you.
You closely miss Duvessa.
Duvessa is moderately wounded.
Duvessa hits you with a +3 short sword.
You closely miss Duvessa.
Duvessa is moderately wounded.
Duvessa hits you with a +3 short sword!
* * * LOW HITPOINT WARNING * * *
Duvessa hits you with a +3 short sword.
* * * LOW HITPOINT WARNING * * *
Press: ? - help, Shift-Dir - straight line, f/p - Duvessa
Aim: Duvessa, wielding a +3 short sword, wearing a +0 ring mail and carrying a wand of digging (6) (moderately wounded, fast, 74% to hit)
You spit a glob of acid.
The glob of acid hits Duvessa!
The acid corrodes Duvessa!
Duvessa is heavily wounded.
Duvessa hits you with a +3 short sword.
* * * LOW HITPOINT WARNING * * *
Okay, then.
Okay, then.
You feel as though your hastened speed will last longer.
Duvessa hits you with a +3 short sword.
* * * LOW HITPOINT WARNING * * *
Duvessa attacks as you move away! Duvessa hits you with a +3 short sword.
* * * LOW HITPOINT WARNING * * *
There is an open door here.
Duvessa attacks as you move away! Duvessa hits you with a +3 short sword!
You die...

.. #.. ## #.# ######## #.#
#......# ###.# ######+#+##
#......####...## #..........
#..............## #..........
#...............# #..........
#..).........@.# #..........
#......######e#### #..........
+................###..........
#......####.#.##..##..........
#############e##.###.#######'#[..
.......#####.###.###..######.####
.....e...†.......................
################.####..#.######..
#.# ##...)).....#


You could see Duvessa (fast, corroded) and Dowan.

Vanquished Creatures
  A centaur (D:5)
  5 killer bees (D:5)
  A crimson imp (D:4)
  A jelly (D:4)
  A hound (D:4)
  An orc priest (D:4)
  2 iguanas (D:4)
  5 adders
  A white imp (D:4)
  An ufetubus (D:4)
  A worm (D:2)
  3 dart slugs
  13 orcs
  2 endoplasms
  5 giant cockroaches
  2 goblins (D:2)
  3 hobgoblins
  6 jackals
  6 kobolds
  6 quokkas
  3 ball pythons
  3 bats (D:1)
  A frilled lizard (D:3)
  A rat (D:2)
74 creatures vanquished.

Notes
Turn   | Place    | Note
-------+----------+-------------------------------------------
     0 | Abyss:1  | Lekart the Draconian Abyssal Knight began the quest for the
                  | Orb.
     0 | Abyss:1  | Reached XP level 1. HP: 19/19 MP: 2/2
    25 | Abyss:1  | Noticed a small abomination
    26 | D:1      | Escaped the Abyss
   130 | D:1      | Found a faded altar of an unknown god.
   164 | D:1      | Reached ** piety under Lugonu
   296 | D:1      | Found Tufed's Assorted Antiques.
   420 | D:1      | Bought a scroll labelled UCEXTE RAUTUI for 21 gold pieces
   493 | D:1      | Reached XP level 2. HP: 26/26 MP: 3/3
  1106 | D:2      | Reached XP level 3. HP: 32/33 MP: 4/4
  2103 | D:3      | Reached XP level 4. HP: 26/40 MP: 4/6
  2986 | D:4      | Reached XP level 5. HP: 24/47 MP: 7/7
  3196 | D:4      | Found a staircase to the Ecumenical Temple.
  3418 | D:4      | Reached *** piety under Lugonu
  4134 | D:4      | Reached XP level 6. HP: 51/53 MP: 8/8
  4457 | D:5      | Entered Level 5 of the Dungeon
  4539 | D:5      | Noticed a water moccasin
  4549 | D:5      | Banished a water moccasin
  4688 | D:5      | Your scales start taking on a golden yellow colour.
  4688 | D:5      | Reached XP level 7. HP: 31/60 MP: 8/10
  4688 | D:5      | Gained mutation: You are resistant to acid. (rCorr) [Yellow
                  | Draconian growth]
  4694 | D:5      | Reached skill level 5 in Fighting
  4694 | D:5      | Reached skill level 5 in Axes
  5151 | D:5      | Noticed Duvessa
  5151 | D:5      | Noticed Dowan
  5190 | D:5      | HP: 3/61 [Duvessa/+3 short sword (1)]
  5194 | D:5      | Slain by Duvessa

Illustrated notes

Levels and vault maps discovered:
D:1:      elethiomel_arrival_shortcut, layout_rooms, serial_shops,
          nicolae_shop_stone, hellmonk_ecumenical_altar_arch_garden,
          minmay_misc_feat_cross, minmay_three_crescents
D:2:      layout_rooms
D:3:      layout_basic, saegor_snake_ambush
D:4:      layout_basic, minmay_temple_entry_butterflies, minmay_fire_ice_demons
D:5:      layout_basic, minmay_misc_feat_chi, uniq_duvessa

Skill      XL: |  1  2  3  4  5  6  7 |
---------------+----------------------+-----
Fighting       | 4 5 |  5.2
Axes           | 3 4 5 |  5.3
Dodging        | 3 4 |  4.1
Invocations    | 3 4 |  4.3

Action                   |  1- 3 |  4- 6 |  7- 9 || total
-------------------------+-------+-------+-------++-------
Melee: Hand axe          |    99 |   140 |    36 ||   275
       Tailslap          |     9 |    16 |     7 ||    32
       Punch             |       |     1 |       ||     1
Invok: Depart the Abyss  |     1 |       |       ||     1
       Banish            |       |     1 |       ||     1
 Abil: Breathe Acid      |       |       |     4 ||     4
  Use: Scroll            |     4 |     3 |       ||     7
       Potion            |     2 |     5 |     4 ||    11
 Stab: Sleeping          |       |     1 |       ||     1
Armor: Skin              |    35 |    58 |    12 ||   105
Dodge: Dodged            |    79 |   111 |    30 ||   220

Table legend: (Time is in decaauts)
 A = Elapsed time spent in this place.
 B = Non-inter-level travel time spent in this place.
 C = Inter-level travel time spent in this place.
 D = Time resting spent in this place.
 E = Time spent auto-exploring this place.
 F = Levels seen in this place.
 G = Mean time per level.
                   A        B        C        D        E       F      G
               +--------+--------+--------+--------+--------+-----+--------+
         Total |   5248 |   5189 |     59 |    471 |   4075 |   6 |  874.7 |
       Dungeon |   5222 |   5163 |     59 |    471 |   4050 |   5 | 1044.4 |
         Abyss |     26 |     26 |      0 |      0 |     25 |   1 |   26.0 |
               +--------+--------+--------+--------+--------+-----+--------+

Top non-repeatable levels by time:
     D:4: 1969 daAuts
     D:3: 1217 daAuts
     D:5: 730 daAuts
     D:2: 689 daAuts
     D:1: 614 daAuts
 Abyss:1: 26 daAuts
